TOP OF THE 1ST |
Toledo Mud Hens batting - Pitching for Round Rock Express : RHP Dan Dill
|
Pitching: RHP Dan Dill
|
|
Batting: RHB Brandon O'Malley
|
0-0: Swinging Strike 0-1: Ball 1-1: Ball 2-1: Ground out U3 (Groundball, 3, EV 86.9 MPH)
|
Batting: RHB J.J. Basil
|
0-0: Called Strike 0-1: Foul Ball, location: 2F 0-2: Ground out 4-3 (Groundball, 4M, EV 102.5 MPH)
|
Batting: LHB Bill Ford
|
0-0: Ball 1-0: Swinging Strike 1-1: Foul Ball, location: 2F 1-2: Ball 2-2: Foul Ball, location: 2F 2-2: Strikes out swinging
|
Top of the 1st over - 0 runs, 0 hits, 0 errors, 0 left on base; Toledo 0 - Round Rock 0 |
BOTTOM OF THE 1ST |
Round Rock Express batting - Pitching for Toledo Mud Hens : RHP Andy Miller
|
Pitching: RHP Andy Miller
|
|
Batting: LHB Jody Hudson
|
0-0: Ball 1-0: Foul Ball, location: 2F 1-1: Foul Ball, location: 2F 1-2: Ball 2-2: Ball 3-2: Foul Ball, location: 2F 3-2: Base on Balls
|
Batting: RHB Mike Quackenbush
|
0-0: Ground out 5-3 (Groundball, 56, EV 85.0 MPH) Jody Hudson to second
|
Batting: LHB Josh Stuck
|
0-0: Foul Ball, location: 2F 0-1: Foul Ball, location: 2F 0-2: Ball 1-2: Ground out U3 (Groundball, 3, EV 84.4 MPH) Jody Hudson to third
|
Batting: LHB Zion Davidson
|
0-0: Ball 1-0: Ball 2-0: Fly out, F7 (Flyball, 7, EV 89.4 MPH)
|
Bottom of the 1st over - 0 runs, 0 hits, 0 errors, 1 left on base; Toledo 0 - Round Rock 0 |
TOP OF THE 2ND |
Toledo Mud Hens batting - Pitching for Round Rock Express : RHP Dan Dill
|
Batting: LHB Jon Frederick
|
0-0: Swinging Strike 0-1: Ball 1-1: Called Strike 1-2: Ball 2-2: Strikes out looking
|
Batting: RHB Joel Miller
|
0-0: Foul Ball, location: 2F 0-1: Ball 1-1: Ground out 6-3 (Groundball, 6, EV 109.4 MPH)
|
Batting: RHB Jamie Villagrana
|
0-0: Ball 1-0: Swinging Strike 1-1: Foul Ball, location: 2F 1-2: Ball 2-2: Strikes out swinging
|
Top of the 2nd over - 0 runs, 0 hits, 0 errors, 0 left on base; Toledo 0 - Round Rock 0 |
BOTTOM OF THE 2ND |
Round Rock Express batting - Pitching for Toledo Mud Hens : RHP Andy Miller
|
Batting: RHB Trevor Mock
|
0-0: Foul Ball, location: 2F 0-1: Ball 1-1: Called Strike 1-2: Ground out 6-3 (Groundball, 6, EV 80.0 MPH)
|
Batting: RHB Ivan Colon
|
0-0: Called Strike 0-1: Ball 1-1: Ground out 6-3 (Groundball, 56D, EV 86.2 MPH)
|
Batting: RHB C.J. Sagle
|
0-0: Ball 1-0: Called Strike 1-1: Ball 2-1: Foul Ball, location: 2F 2-2: Ball 3-2: Foul Ball, location: 2F 3-2: Base on Balls
|
Batting: RHB Ron Corn
|
0-0: Ball 1-0: Ball 2-0: Ball Wild Pitch! C.J. Sagle to second 3-0: Base on Balls
|
Batting: RHB Luis Arce
|
0-0: Called Strike 0-1: Foul Ball, location: 2F 0-2: Strikes out swinging
|
Bottom of the 2nd over - 0 runs, 0 hits, 0 errors, 2 left on base; Toledo 0 - Round Rock 0 |
TOP OF THE 3RD |
Toledo Mud Hens batting - Pitching for Round Rock Express : RHP Dan Dill
|
Batting: RHB Keith Hoffman
|
0-0: Ball 1-0: Foul Ball, location: 2F 1-1: Foul Ball, location: 2F 1-2: Foul Ball, location: 2F 1-2: Foul Ball, location: 2F 1-2: Ground out 5-3 (Groundball, 56, EV 108.1 MPH)
|
Batting: RHB Aaron Cusick
|
0-0: Ground out 5-3 (Groundball, 5, EV 90.6 MPH)
|
Batting: SHB Scott Bartholomew
|
0-0: Called Strike 0-1: Ball 1-1: Ball 2-1: Foul Ball, location: 2F 2-2: Ball 3-2: Base on Balls
|
Batting: RHB Brandon O'Malley
|
0-0: Swinging Strike 0-1: Ball 1-1: Ball 2-1: Called Strike 2-2: Ball 3-2: Ground out 4-3 (Groundball, 4, EV 85.6 MPH)
|
Top of the 3rd over - 0 runs, 0 hits, 0 errors, 1 left on base; Toledo 0 - Round Rock 0 |
BOTTOM OF THE 3RD |
Round Rock Express batting - Pitching for Toledo Mud Hens : RHP Andy Miller
|
Batting: LHB Jody Hudson
|
0-0: Foul Ball, location: 2F 0-1: Swinging Strike 0-2: Ground out 6-3 (Groundball, 6, EV 100.6 MPH)
|
Batting: RHB Mike Quackenbush
|
0-0: Ball 1-0: Ball 2-0: Called Strike 2-1: Ground out 6-3 (Groundball, 6, EV 108.8 MPH)
|
Batting: LHB Josh Stuck
|
0-0: Ball 1-0: Ball 2-0: Ball 3-0: Base on Balls
|
Batting: LHB Zion Davidson
|
0-0: Ground out 2-3 (Groundball, 2R, EV 68.1 MPH)
|
Bottom of the 3rd over - 0 runs, 0 hits, 0 errors, 1 left on base; Toledo 0 - Round Rock 0 |
TOP OF THE 4TH |
Toledo Mud Hens batting - Pitching for Round Rock Express : RHP Dan Dill
|
Batting: RHB J.J. Basil
|
0-0: Ball 1-0: Ball 2-0: Ball 3-0: Base on Balls
|
Batting: LHB Bill Ford
|
0-0: Ball J.J. Basil steals 2nd base 1-0: Swinging Strike 1-1: Ball 2-1: Foul Ball, location: 2F 2-2: Fly out, F8 (Flyball, 8LM, EV 87.5 MPH)
|
Batting: LHB Jon Frederick
|
0-0: Ball 1-0: Swinging Strike 1-1: SINGLE (Groundball, 34D, EV 106.9 MPH) J.J. Basil to third
|
Batting: RHB Joel Miller
|
Pickoff Throw to First - Out! 1-3 0-0: Ball Wild Pitch! J.J. Basil scores 1-0: Ball 2-0: Foul Ball, location: 2F 2-1: Ground out 4-3 (Groundball, 4M, EV 100.6 MPH)
|
Top of the 4th over - 1 run, 1 hit, 0 errors, 0 left on base; Toledo 1 - Round Rock 0 |
BOTTOM OF THE 4TH |
Round Rock Express batting - Pitching for Toledo Mud Hens : RHP Andy Miller
|
Batting: RHB Trevor Mock
|
0-0: Ball 1-0: Ball 2-0: Ball 3-0: Base on Balls
|
Batting: RHB Ivan Colon
|
0-0: SINGLE (Groundball, 4MS, EV 65.0 MPH) (infield hit) Trevor Mock to second
|
Batting: RHB C.J. Sagle
|
0-0: Called Strike 0-1: Ball 1-1: Fielders Choice at 2nd, 4-6 (Groundball, 4, EV 90.0 MPH) Trevor Mock to third
|
Batting: RHB Ron Corn
|
0-0: Called Strike 0-1: Fielders Choice at 2nd, 3-6 (Groundball, 3, EV 101.9 MPH) Trevor Mock scores
|
Batting: RHB Luis Arce
|
0-0: Ball 1-0: Foul Ball, location: 2F 1-1: DOUBLE (Groundball, 5L, EV 105.0 MPH) Ron Corn to third Runner from 3rd tries for Home, SAFE, no throw by LF
|
Batting: LHB Jody Hudson
|
0-0: Called Strike 0-1: SINGLE (Groundball, 4, EV 98.8 MPH) Luis Arce to third Runner from 3rd tries for Home, SAFE, throw by RF to home
|
Batting: RHB Mike Quackenbush
|
0-0: Ball 1-0: Ball Jody Hudson is caught stealing 2nd base 2-4
|
Bottom of the 4th over - 3 runs, 3 hits, 0 errors, 0 left on base; Toledo 1 - Round Rock 3 |
TOP OF THE 5TH |
Toledo Mud Hens batting - Pitching for Round Rock Express : RHP Dan Dill
|
Batting: RHB Jamie Villagrana
|
0-0: Called Strike 0-1: Ball 1-1: Foul Ball, location: 2F 1-2: Ball 2-2: Strikes out looking
|
Batting: RHB Keith Hoffman
|
0-0: Ball 1-0: Ball 2-0: Fly out, F8 (Line Drive, 8LD, EV 104.4 MPH)
|
Batting: RHB Aaron Cusick
|
0-0: Swinging Strike 0-1: DOUBLE (Line Drive, 7LS, EV 104.4 MPH)
|
Batting: SHB Scott Bartholomew
|
0-0: Called Strike 0-1: Ball 1-1: Ground out 6-3 (Groundball, 6D, EV 103.1 MPH)
|
Top of the 5th over - 0 runs, 1 hit, 0 errors, 1 left on base; Toledo 1 - Round Rock 3 |
BOTTOM OF THE 5TH |
Round Rock Express batting - Pitching for Toledo Mud Hens : RHP Andy Miller
|
Batting: RHB Mike Quackenbush
|
0-0: Called Strike 0-1: Called Strike 0-2: Ball 1-2: Ball 2-2: Foul Ball, location: 2F 2-2: Ground out U3 (Groundball, 3S, EV 63.1 MPH)
|
Batting: LHB Josh Stuck
|
0-0: Ball 1-0: Fly out, F8 (Line Drive, 78D, EV 86.9 MPH)
|
Batting: LHB Zion Davidson
|
0-0: Fly out, F7 (Flyball, 7D, EV 102.5 MPH)
|
Bottom of the 5th over - 0 runs, 0 hits, 0 errors, 0 left on base; Toledo 1 - Round Rock 3 |
TOP OF THE 6TH |
Toledo Mud Hens batting - Pitching for Round Rock Express : RHP Dan Dill
|
Batting: RHB Brandon O'Malley
|
0-0: Ball 1-0: Foul Ball, location: 2F 1-1: Ball 2-1: Foul Ball, location: 2F 2-2: Ball 3-2: Foul Ball, location: 2F 3-2: SINGLE (Line Drive, 9LM, EV 104.4 MPH)
|
Batting: RHB J.J. Basil
|
0-0: Called Strike 0-1: Ball 1-1: Ball 2-1: Fielders Choice at 2nd, 4-6 (Groundball, 4M, EV 100.6 MPH)
|
Batting: LHB Bill Ford
|
0-0: Ball 1-0: Called Strike 1-1: Ball 2-1: Foul Ball, location: 2F 2-2: Strikes out swinging
|
Batting: LHB Jon Frederick
|
0-0: Ball 1-0: Called Strike J.J. Basil steals 2nd base (no throw) 1-1: Ball 2-1: Foul Ball, location: 2F 2-2: Reached on error, E4 (Groundball, 34D, EV 100.6 MPH) J.J. Basil scores
|
Batting: RHB Joel Miller
|
0-0: Ball 1-0: Ball 2-0: Ball 3-0: Base on Balls
|
Batting: RHB Jamie Villagrana
|
0-0: Called Strike 0-1: Ball 1-1: SINGLE (Groundball, 56D, EV 110.6 MPH) Jon Frederick to third Joel Miller to second Runner from 3rd tries for Home, throw by LF and OUT! 7-2
|
Top of the 6th over - 1 run, 2 hits, 1 error, 2 left on base; Toledo 2 - Round Rock 3 |
BOTTOM OF THE 6TH |
Round Rock Express batting - Pitching for Toledo Mud Hens : RHP Andy Miller
|
Batting: RHB Trevor Mock
|
0-0: Ball 1-0: Ground out 6-3 (Groundball, 56, EV 82.5 MPH)
|
Batting: RHB Ivan Colon
|
0-0: Ball 1-0: Ball 2-0: Called Strike 2-1: SINGLE (Line Drive, 4D, EV 96.9 MPH)
|
Batting: RHB C.J. Sagle
|
0-0: Called Strike 0-1: SINGLE (Groundball, 3D, EV 101.2 MPH) Ivan Colon to second Throwing error, E9 Ivan Colon scores C.J. Sagle to second
|
Batting: RHB Ron Corn
|
0-0: Ball 1-0: Ball 2-0: Ball 3-0: Called Strike 3-1: Base on Balls
|
Batting: RHB Luis Arce
|
0-0: Ball 1-0: Swinging Strike 1-1: Called Strike 1-2: Ball 2-2: Ball 3-2: Strikes out swinging
|
Batting: LHB Jody Hudson
|
0-0: Ball 1-0: Fly out, F7 (Flyball, 7D, EV 90.6 MPH)
|
Bottom of the 6th over - 1 run, 2 hits, 1 error, 2 left on base; Toledo 2 - Round Rock 4 |
TOP OF THE 7TH |
Toledo Mud Hens batting - Pitching for Round Rock Express : RHP Dan Dill
|
Pitching: RHP Jason Williams
|
|
Batting: RHB Keith Hoffman
|
0-0: Ball 1-0: Ball 2-0: Ball 3-0: Called Strike 3-1: SINGLE (Line Drive, 4D, EV 106.9 MPH)
|
Batting: RHB Aaron Cusick
|
0-0: Sac Bunt to P - play at first, batter OUT! 1-3 Keith Hoffman to second
|
Batting: SHB Scott Bartholomew
|
0-0: Fly out, F3 (Popup, 23F, EV 80.6 MPH)
|
Batting: RHB Brandon O'Malley
|
0-0: Called Strike 0-1: Called Strike 0-2: Strikes out looking
|
Top of the 7th over - 0 runs, 1 hit, 0 errors, 1 left on base; Toledo 2 - Round Rock 4 |
BOTTOM OF THE 7TH |
Round Rock Express batting - Pitching for Toledo Mud Hens : RHP Andy Miller
|
Batting: RHB Mike Quackenbush
|
0-0: Ball 1-0: Ball 2-0: Ball 3-0: Called Strike 3-1: Ground out 5-3 (Groundball, 56, EV 102.5 MPH)
|
Batting: LHB Josh Stuck
|
0-0: Called Strike 0-1: Ball 1-1: Swinging Strike 1-2: Ball 2-2: SINGLE (Groundball, 34S, EV 65.0 MPH) (infield hit)
|
Pitching: RHP Luis Brown
|
|
Batting: LHB Zion Davidson
|
0-0: Called Strike 0-1: DOUBLE (Flyball, 89XD, EV 111.2 MPH) Josh Stuck to third Runner from 3rd tries for Home, SAFE, throw by CF to home
|
Batting: RHB Trevor Mock
|
0-0: Called Strike 0-1: Ball 1-1: Foul Ball, location: 2F 1-2: Strikes out swinging
|
Batting: RHB Ivan Colon
|
0-0: SINGLE (Groundball, 6D, EV 107.5 MPH) Zion Davidson to third Runner from 3rd tries for Home, SAFE, throw by CF to home Ivan Colon to second
|
Batting: RHB C.J. Sagle
|
0-0: Ground out 6-3 (Groundball, 56, EV 81.2 MPH)
|
Bottom of the 7th over - 2 runs, 3 hits, 0 errors, 1 left on base; Toledo 2 - Round Rock 6 |
TOP OF THE 8TH |
Toledo Mud Hens batting - Pitching for Round Rock Express : RHP Jason Williams
|
Batting: RHB J.J. Basil
|
0-0: Ball 1-0: Ball 2-0: Called Strike 2-1: Foul Ball, location: 2F 2-2: Ground out 1-6-3 (Groundball, 15S, EV 105.0 MPH)
|
Batting: LHB Bill Ford
|
0-0: Ball 1-0: Called Strike 1-1: Foul Ball, location: 2F 1-2: Ball 2-2: Strikes out looking
|
Batting: LHB Jon Frederick
|
0-0: Called Strike 0-1: Ball 1-1: Ball 2-1: Foul Ball, location: 2F 2-2: Strikes out looking
|
Top of the 8th over - 0 runs, 0 hits, 0 errors, 0 left on base; Toledo 2 - Round Rock 6 |
BOTTOM OF THE 8TH |
Round Rock Express batting - Pitching for Toledo Mud Hens : RHP Luis Brown
|
Batting: RHB Ron Corn
|
0-0: DOUBLE (Line Drive, 9LD, EV 101.2 MPH)
|
Batting: RHB Luis Arce
|
0-0: Ball 1-0: Foul Ball, location: 2F 1-1: Fly out, F7 (Flyball, 78M, EV 86.9 MPH)
|
Batting: LHB Jody Hudson
|
0-0: Intentional Walk
|
Batting: RHB Mike Quackenbush
|
0-0: Ball 1-0: Fielders Choice at 2nd, 5-4 (Groundball, 5S, EV 81.9 MPH) Ron Corn to third
|
Batting: LHB Josh Stuck
|
0-0: Called Strike 0-1: Called Strike Mike Quackenbush is caught stealing 2nd base 2-6
|
Bottom of the 8th over - 0 runs, 1 hit, 0 errors, 1 left on base; Toledo 2 - Round Rock 6 |
TOP OF THE 9TH |
Toledo Mud Hens batting - Pitching for Round Rock Express : RHP Jason Williams
|
Batting: RHB Joel Miller
|
0-0: Called Strike 0-1: Foul Ball, location: 2F 0-2: Ball 1-2: Ground out 6-3 (Groundball, 6, EV 90.0 MPH)
|
Batting: RHB Jamie Villagrana
|
0-0: Called Strike 0-1: Swinging Strike 0-2: Strikes out swinging
|
Batting: RHB Keith Hoffman
|
0-0: Swinging Strike 0-1: Ball 1-1: Ball 2-1: Ball 3-1: Foul Ball, location: 2F 3-2: Fly out, F7 (Flyball, 78D, EV 102.5 MPH)
|
Top of the 9th over - 0 runs, 0 hits, 0 errors, 0 left on base; Toledo 2 - Round Rock 6 |
|